Map: 营救矿工

Players

二年级二班永亮

  • Race: Zerg Zerg
  • League: Gold

悲觞乁述祱微笑

  • Race: Terran Terran
  • Spawn Location: 7:00

VOD

Have the link to the VOD?

Description

Time

  • Played on: April 2, 2018, 11:27 p.m.
  • Length: 19:47
Show
View Real Time Build Order
Export as new Build Order

二年级二班永亮 Zerg 

Build Orders:  

Get SALT Encoding   

  12  0:03  Infested SCV  
  13  0:12  Infested SCV  
  13  0:18  Infested SCV  
  15  0:31  Overlord  
  15  0:56  Infested SCV x2  
  17  1:05  Infested SCV  
  18  1:21  Infested SCV  
  19  1:35  Infested Command Center  
  19  1:39  Infested SCV  
  20  1:53  Infested SCV  
  21  2:01  Infested Barracks  
  21  2:09  Overlord  
  21  2:25  Infested SCV  
  22  2:38  Infested Refinery  
  22  2:41  Infested SCV  
  23  3:01  Infested SCV  
  24  3:13  Infested Bunker  
  24  3:14  Infested SCV  
  24  3:16  Infested SCV x2  
  24  3:17  Infested SCV  
  32  3:27  Infested Refinery  
  32  3:30  Infested SCV  
  33  3:59  Infested Bunker  
  37  4:05  Infested Engineering Bay  
  37  4:18  Infested SCV  
  38  4:20  Overlord, Infested Bunker  
  38  4:44  Infested Factory  
  38  4:54  Infested Bunker  
  42  5:31  Anaerobic Enhancement  
  42  5:50  Infested Barracks Tech Lab  
  42  5:53  Stukov Infantry Weapons Level 1  
  42  5:59  Infested SCV  
  42  6:30  Plagued Munitions  
  42  6:32  Infested SCV  
  42  6:33  Infested SCV x4  
  47  6:54  Infested Bunker  
  51  7:10  Infested Command Center  
  51  7:13  Infested SCV x2  
  51  7:14  Infested SCV  
  54  7:21  Overlord x3  
  54  7:22  Overlord  
  54  7:28  Overlord  
  50  7:41  Infested SCV  
  50  7:48  Infested SCV  
  52  7:56  Infested Factory Tech Lab  
  52  8:00  Retinal Augmentation  
  52  8:12  Infested SCV  
  53  8:20  Infested SCV x2  
  53  8:21  Infested SCV  
  53  8:25  Infestation Level 1  
  56  8:39  Infested Bunker  
  56  8:46  Infested Bunker  
  60  8:58  Infested Bunker  
  60  9:07  Infested Bunker  
  64  9:22  Infested SCV x2  
  64  9:23  Infested SCV  
  64  9:24  Infested SCV  
  64  9:25  Infested SCV  
  64  9:28  Overlord  
  69  9:34  Infested Siege Tank, Infested Bunker  
  76  9:40  Regenerative Plating  
  76  9:49  Infested Bunker  
  76  9:55  Infested Bunker  
  80  10:17  Infested Siege Tank  
  83  10:22  Infested Armory  
  83  10:25  Broodling Gestation  
  83  10:38  Infested SCV  
  91  11:01  Infested Siege Tank x2  
  97  11:16  Infested Bunker  
  101  11:28  Calcified Armor  
  101  11:32  Infested Bunker  
  101  12:13  Overlord x4  
  101  12:14  Overlord x4  
  101  12:15  Overlord  
  101  12:21  Infested Bunker  
  101  12:23  Infested Starport  
  101  12:28  Stukov Infantry Weapons Level 2  
  101  12:37  Infested Bunker  
  101  12:38  Infested Bunker  
  101  12:42  Infested Bunker x2  
  101  12:51  Infested Bunker  
  101  12:53  Infested Bunker  
  101  13:14  Infested Bunker  
  101  13:15  Infested Siege Tank x3  
  101  13:17  Automated Mitosis  
  114  13:26  Overseer  
  114  13:28  Infested Bunker  
  118  14:02  Infested Bunker  
  130  14:21  Infested Bunker  
  130  14:23  Infestation Level 2  
  125  14:51  Infested Siege Tank x2, Infested Bunker  
  131  15:07  Overseer  
  131  15:09  Infested Bunker  
  127  15:53  Infested Bunker  
  127  15:55  Infested Bunker  
  127  15:56  Infested Bunker  
  127  15:59  Infested Bunker  
  127  16:00  Infested Bunker  
  139  16:28  Infested Bunker  
  139  16:37  Infested Bunker  
  139  16:52  Infested Bunker  
  139  16:56  Infested Bunker  
  139  16:57  Infested Bunker x2  
  139  16:58  Infested Siege Tank x2  
  157  17:05  Infested Bunker  
  157  17:11  Infested Bunker  
  157  17:27  Infested Bunker  
  157  17:29  Infested Bunker  
  165  17:41  Infested Marine  
  165  17:42  Infested Marine  
  165  17:43  Overseer  
  165  17:44  Infested Marine  
  165  17:45  Infested Marine x6  
  174  17:56  Overlord x2  
  174  17:57  Overlord x2  
  174  18:00  Infested Bunker  
  165  18:15  Infested Bunker, Infested Marine x2  
  165  18:16  Infested Marine x2  
  165  18:18  Infested Marine  
  165  18:19  Infested Marine x3  
  161  18:20  Infested Marine  
  161  18:22  Infested Marine x2  
  161  18:23  Infested Marine x3  
  161  18:24  Infested Marine x3  
  161  18:25  Infested Marine x2  
  147  18:31  Infested Marine  
  147  18:33  Infested Marine  
  147  18:37  Infested Marine  
  145  18:46  Infested Siege Tank x4  
  145  18:47  Infested Bunker  
  145  18:49  Infested Bunker  
  153  18:54  Infested Marine  
  153  18:55  Infested Marine x2  
  153  18:57  Infested Marine  
  146  19:02  Infested Marine  
  146  19:03  Infested Bunker  
  146  19:06  Infested Marine  
  133  19:15  Infested Marine  
  133  19:16  Infested Marine  
Show
View Real Time Build Order
Export as new Build Order

悲觞乁述祱微笑 Terran 

Build Orders:  

Get SALT Encoding   

  12  3:13  Supply Depot  
Tags
 
Commander
RaynorStukov
League
Gold
Matchup
Co-op
Replay Pack
Co-op Speedrun
Add a new tag
Caveats
  • Supply blocks, unpowered buildings, or Contaminate may cause inaccurate times.
  • Supply counts are checked every 10 seconds.